 Dungeon Crawl Stone Soup version 0.28.0 (webtiles) character file.

Game seed: 3221014779710020974

491 BorgnjorsVileCrotch the Ruffian (level 6, 0/59 HPs)
             Began as a Troll Berserker on Feb 12, 2022.
             Was a Follower of Trog.
             Succumbed to a killer bee's poison
             ... on level 6 of the Dungeon.
             The game lasted 00:02:22 (374 turns).

BorgnjorsVileCrotch the Ruffian (Troll Berserker)    Turns: 374, Time: 00:02:23

Health: 0/59       AC:  4    Str: 28    XL:     6   Next: 91%
Magic:  5/5        EV: 10    Int:  3    God:    Trog [*.....]
Gold:   25         SH:  0    Dex:  9    Spells: 5/5 levels left

rFire   . . .      SeeInvis .     - Unarmed
rCold   . . .      Faith    .   (no shield)
rNeg    . . .      Spirit   .   a - +0 animal skin
rPois   .          Reflect  .   (helmet restricted)
rElec   .          Harm     .   (no cloak)
rCorr   .          Rampage  .   (gloves unavailable)
Will    .....                   (boots unavailable)
Stlth   +.........              (no amulet)
HPRegen 0.99/turn               (no ring)
MPRegen 0.09/turn               (no ring)

@: lethally poisoned (0 -> -3)
A: large, unfitting armour, claws 3, regeneration 1, shaggy fur 1, tough skin 1
a: Renounce Religion, Berserk


You were on level 6 of the Dungeon.
You worshipped Trog.
Trog was aware of your devotion.
You visited 1 branch of the dungeon, and saw 6 of its levels.

You collected 25 gold pieces.

Inventory:

Armour
 a - a +0 animal skin (worn)
Scrolls
 d - a scroll of teleportation {unknown}
Potions
 b - a potion of brilliance
 c - a potion of curing {unknown}


   Skills:
 - Level 2.4 Fighting
 - Level 2.4 Dodging
 + Level 7.9 Unarmed Combat


You had 5 spell levels left.
You didn't know any spells.
Your spell library was empty.

Dungeon Overview and Level Annotations

Branches:
Dungeon (6/15)
 Temple: D:4-7

Altars:


Innate Abilities, Weirdness & Mutations

You are too large for most types of armour.
You have claws for hands.
Your natural rate of healing is unusually fast.
You are covered in fur. (AC +1)
You have tough skin. (AC +1)


Message History

A killer bee comes into view. x2
The killer bee buzzes angrily.
A killer bee comes into view.
The killer bee buzzes angrily. x2
The killer bee closely misses you.
There is an open door here.
The killer bee closely misses you.
You claw the killer bee!
The killer bee is heavily wounded.
The killer bee closely misses you. The killer bee stings you.
You mangle the killer bee!!
You kill the killer bee!
Trog accepts your kill.
You barely miss the killer bee. The killer bee barely misses you.
You miss the killer bee. The killer bee stings you!
You claw the killer bee!
The killer bee is heavily wounded.
The killer bee stings you. The killer bee barely misses you.
You miss the killer bee. Your claw misses the killer bee.
The killer bee is heavily wounded.
The killer bee stings you. The killer bee barely misses you.
You barely miss the killer bee.
The killer bee is heavily wounded.
The killer bee stings you.
You are poisoned.
The killer bee poisons you!
You miss the killer bee. Your claw misses the killer bee.
The killer bee is heavily wounded.
You feel very sick.
The killer bee stings you but does no damage.
The killer bee closely misses you.
You mangle the killer bee!!
You kill the killer bee!
Trog accepts your kill.
You feel sick. The killer bee barely misses you.
You mangle the killer bee!!
You kill the killer bee!
Trog accepts your kill.
You feel sick. The killer bee stings you.
You are more poisoned.
The killer bee poisons you!
You scratch the killer bee.
The killer bee is moderately wounded.
You feel very sick. The killer bee closely misses you. x2
You claw the killer bee!
The killer bee is severely wounded.
You feel very sick. The killer bee barely misses you. x2
You closely miss the killer bee.
The killer bee is severely wounded.
You feel sick.
The killer bee stings you but does no damage.
You mangle the killer bee!!
You kill the killer bee!
Trog accepts your kill.
You feel sick. The killer bee stings you!
You scratch the killer bee.
The killer bee is lightly wounded.
You feel sick. The killer bee completely misses you.
The killer bee barely misses you.
You closely miss the killer bee.
The killer bee is lightly wounded.
You feel sick.
The killer bee stings you but does no damage.
The killer bee stings you.
You are more poisoned.
The killer bee poisons you!
You closely miss the killer bee. Your claw misses the killer bee.
The killer bee is lightly wounded.
You feel sick.
The killer bee stings you but does no damage.
The killer bee stings you.
* * * LOW HITPOINT WARNING * * *
You barely miss the killer bee.
The killer bee is lightly wounded.
You feel sick. The killer bee stings you.
* * * LOW HITPOINT WARNING * * *
You are more poisoned.
The killer bee poisons you!
You closely miss the killer bee.
The killer bee is lightly wounded.
You feel very sick. The killer bee stings you.
* * * LOW HITPOINT WARNING * * *
The killer bee stings you!
* * * LOW HITPOINT WARNING * * *
You closely miss the killer bee. Your claw misses the killer bee.
The killer bee is lightly wounded.
* * * LOW HITPOINT WARNING * * *
You feel sick. The killer bee misses you.
You claw the killer bee!
The killer bee is almost dead.
* * * LOW HITPOINT WARNING * * *
You feel sick. The killer bee barely misses you.
The killer bee closely misses you.
You mangle the killer bee!!
You kill the killer bee!
Trog accepts your kill.
You die...

#.# .......
#.# .......
#.# .......
#.# .......
#.# .......
#<# .......
#.# #
.......##.#.##
......y†@....#
.......##.#..#
....... #.#..#
#####.# #.# .#
#. #.# .# #.
#.# # . ..# #
...


You could see a killer bee.

Vanquished Creatures
  A black bear (D:5)
  5 killer bees (D:6)
  A centaur zombie (D:5)
  3 orc priests (D:4)
  A bullfrog skeleton (D:5)
  Jessica (D:2)
  A hound skeleton (D:3)
  2 adders (D:2)
  2 white imps (D:5)
  2 orcs (D:4)
  An endoplasm (D:1)
  2 giant cockroaches
  2 hobgoblins
  A frilled lizard (D:1)
  A kobold (D:2)
  A rat (D:2)
27 creatures vanquished.

Notes
Turn   | Place    | Note
-------+----------+-------------------------------------------
     0 | D:1      | BorgnjorsVileCrotch the Troll Berserker began the quest for
                  | the Orb.
     0 | D:1      | Reached XP level 1. HP: 22/22 MP: 0/0
    50 | D:2      | Noticed Jessica
    58 | D:2      | Killed Jessica
    59 | D:2      | Reached skill level 4 in Unarmed Combat
    59 | D:2      | Reached XP level 2. HP: 22/29 MP: 1/1
    59 | D:2      | Reached XP level 3. HP: 28/36 MP: 2/2
   121 | D:3      | You fall into a shaft and drop 2 floors!
   121 | D:5      | Entered Level 5 of the Dungeon
   126 | D:5      | Reached skill level 5 in Unarmed Combat
   126 | D:5      | Reached XP level 4. HP: 33/44 MP: 3/3
   140 | D:5      | Noticed a black bear
   145 | D:5      | Killed a black bear
   146 | D:5      | Reached skill level 6 in Unarmed Combat
   146 | D:5      | Reached XP level 5. HP: 50/50 MP: 4/4
   199 | D:4      | Reached XP level 6. HP: 34/59 MP: 5/5
   252 | D:5      | Reached skill level 7 in Unarmed Combat
   372 | D:6      | HP: 2/59 [poisoned by a killer bee]
   374 | D:6      | Succumbed to a killer bee's poison

Illustrated notes

Levels and vault maps discovered:
D:1:      eino_arrival_cavern_b, layout_basic, chequers_ecumenical_altar_grove,
          nrook_mini_vaults
D:2:      minmay_razor_zed, layout_basic, serial_shops, shop,
          uniq_crazy_yiuf_cottage, uniq_sigmund, uniq_jessica
D:3:      layout_basic, chequers_hall_statues_y
D:4:      layout_basic, kennysheep_mini_moat, slow_altar_1, trog_wizard,
          nicolae_dithmenos_the_darkroom, minmay_misc_feat_alley,
          chequers_serial_rivers_micro_b
D:5:      layout_layer_cave
D:6:      layout_basic

Skill      XL: |  1  2  3  4  5  6 |
---------------+-------------------+-----
Unarmed Combat | 4 5 6 7 |  7.9
Fighting       | |  2.4
Dodging        | |  2.4

Action                   |  1- 3 |  4- 6 || total
-------------------------+-------+-------++-------
Melee: Unarmed           |    43 |    43 ||    86
       Punch             |     3 |     1 ||     4
Invok: Berserk           |     1 |     2 ||     3
  Use: Scroll            |       |     1 ||     1
Armor: Animal skin       |    26 |     8 ||    34
Dodge: Dodged            |    33 |    27 ||    60
